 Dungeon Crawl Stone Soup version 0.24.0-13-gcf9b3192b9 (webtiles) character file.

Game seed: 1737663640010175351, levelgen mode: deterministic

87801 Chainwhirler the Warrior (level 15, -9/153 HPs)
             Began as an Ogre Transmuter on Nov 6, 2019.
             Was the Champion of Hepliaklqana.
             Mangled by Agnes
             ... wielding a +4 lajatang of speed
              (34 damage)
             ... on level 14 of the Dungeon on Nov 7, 2019.
             The game lasted 01:17:13 (37260 turns).

Chainwhirler the Warrior (Ogre Transmuter)         Turns: 37260, Time: 01:17:13

Health: -9/153     AC:  6    Str: 18    XL:     15   Next: 91%
Magic:  25/27      EV: 15    Int: 19    God:    Hepliaklqana [******]
Gold:   1887       SH:  0    Dex:  9    Spells: 3/30 levels left

rFire    + . .     SeeInvis .     - Unarmed
rCold    . . .     Gourm    .   (shield currently unavailable)
rNeg     . . .     Faith    .   j - +0 robe "Taong" {Slay+5}
rPois    .         Spirit   .   B - +0 hat
rElec    .         Reflect  .   t - +2 cloak
rCorr    .         Harm     .   (gloves unavailable)
MR       +....                  (boots unavailable)
Stlth    +.........             (no amulet)
HPRegen  0.35/turn              m - ring of protection from fire
MPRegen  0.20/turn              n - +2 ring of evasion

@: blade hands, drained
A: large, unfitting armour, reduced essence, claws 1, repulsion field 1, tough
skin 1
a: End Transformation, Recall Ancestor, Ancestor Identity, Transference,
Idealise, Renounce Religion


You were on level 14 of the Dungeon.
You worshipped Hepliaklqana.
Hepliaklqana was exalted by your worship.
You were very hungry.
You had blades for hands.
You visited 4 branches of the dungeon, and saw 23 of its levels.
You also visited: Bailey.

You collected 2539 gold pieces.
You spent 652 gold pieces at shops.

Inventory:

Missiles
 a - 361 arrows
Armour
 b - a +1 robe
 j - the +0 robe "Taong" (worn) {Slay+5}
   (You found it on level 5 of the Lair of Beasts)

   It affects your accuracy and damage with ranged weapons and melee attacks
   (+5).
 t - a +2 cloak (worn)
 v - a +0 shield
 B - a +0 hat (worn)
Jewellery
 e - a +4 ring of dexterity
 m - a ring of protection from fire (left scythe-like blade)
 n - a +2 ring of evasion (right scythe-like blade)
 r - an uncursed amulet of faith {unknown}
 s - an uncursed ring of protection from fire
 H - an uncursed ring of protection from magic
 K - an uncursed ring of see invisible
Wands
 f - a wand of flame (12)
 i - a wand of paralysis (14)
 A - a wand of iceblast (8)
 I - a wand of polymorph (10)
 M - a wand of random effects (15)
 O - a wand of clouds (4)
 Q - a wand of acid (3)
Scrolls
 g - 4 scrolls of teleportation
 k - 4 scrolls of random uselessness
 q - 2 scrolls of fog
 y - a scroll of holy word
 C - a scroll of silence
 D - 7 scrolls of remove curse
 E - 2 scrolls of enchant weapon
 N - a scroll of fear
Potions
 c - a potion of cancellation
 h - 2 potions of might
 l - 3 potions of heal wounds
 o - 7 potions of curing
 p - a potion of magic
 u - 4 potions of brilliance
 x - 2 potions of invisibility
 z - 3 potions of haste
 F - a potion of ambrosia
 G - 2 potions of lignification
 J - 2 potions of resistance
Miscellaneous
 w - a sack of spiders
 L - a phial of floods (inert)
Comestibles
 d - 40 rations


   Skills:
 + Level 16.4(15.4) Fighting
 - Level 5.0(4.2) Dodging
 + Level 10.0(9.2) Unarmed Combat
 + Level 8.1(7.3) Spellcasting
 - Level 5.0(4.2) Charms
 - Level 5.0(4.2) Necromancy
 - Level 12.0(11.1) Transmutations
 - Level 4.0(3.3) Ice Magic
 * Level 7.6(6.8) Earth Magic
 - Level 10.0(9.1) Invocations
 - Level 5.0(4.3) Evocations


You had 3 spell levels left.
You knew the following spells:

 Your Spells              Type           Power        Failure   Level  Hunger
a - Beastly Appendage     Tmut           #####.       7%          1    None
b - Sticks to Snakes      Tmut           #####...     8%          2    None
c - Spider Form           Tmut/Pois      ####......   26%         3    #......
d - Ice Form              Ice/Tmut       ####....     32%         4    ###....
e - Regeneration          Chrm/Necr      ###.......   32%         3    #......
f - Blade Hands           Tmut           #####.....   24%         5    #####..
g - Petrify               Tmut/Erth      #####...     22%         4    ###....
h - Lee's Rapid Deconstr  Erth           ####......   56%         5    #####..

Your spell library contained the following spells:

 Spells                   Type           Power        Failure   Level  Hunger
 Passwall                 Tmut/Erth      #####...     11%         2    None
 Sandblast                Erth           ####..       12%         1    None
 Infusion                 Chrm           ###.         19%         1    None
 Song of Slaying          Chrm           ###.....     24%         2    None
 Shroud of Golubria       Chrm/Tloc      ###...       36%         2    None
 Ignite Poison            Fire/Tmut/Pois ###.....     36%         3    #......
 Stone Arrow              Conj/Erth      ###...       38%         3    #......
 Ensorcelled Hibernation  Hex/Ice        ##....       41%         2    None
 Confusing Touch          Hex            #.....       45%         1    None
 Corona                   Hex            #......      45%         1    None
 Flame Tongue             Conj/Fire      #....        45%         1    None
 Magic Dart               Conj           #...         45%         1    None
 Sting                    Conj/Pois      #...         45%         1    None
 Spectral Weapon          Hex/Chrm       ###.....     50%         3    #......
 Blink                    Tloc           N/A          54%         2    None
 Call Imp                 Summ           #.......     54%         2    None
 Slow                     Hex            #.......     54%         2    None
 Throw Flame              Conj/Fire      #.....       54%         2    None
 Confuse                  Hex            #.......     71%         3    #......
 Conjure Flame            Conj/Fire      #.......     71%         3    #......
 Dazzling Spray           Conj/Hex       #.....       71%         3    #......
 Gell's Gravitas          Tloc           #.........   71%         3    #......
 Inner Flame              Hex/Fire       #.......     71%         3    #......
 Mephitic Cloud           Conj/Pois/Air  #.......     71%         3    #......
 Portal Projectile        Hex/Tloc       #.....       71%         3    #......
 Tukima's Dance           Hex            #.......     71%         3    #......
 Alistair's Intoxication  Tmut/Pois      ####....     71%         5    #####..
 Yara's Violent Unravell  Hex/Tmut       ####......   71%         5    #####..
 Force Lance              Conj/Tloc      #.......     95%         4    ###....
 Olgreb's Toxic Radiance  Pois           #.......     95%         4    ###....
 Sticky Flame             Conj/Fire      #.......     95%         4    ###....
 Metabolic Englaciation   Hex/Ice        ##........   98%         5    #####..
 Fireball                 Conj/Fire      #.........   99%         5    #####..
 Venom Bolt               Conj/Pois      #.........   99%         5    #####..
 Dispersal                Tloc           #.........   100%        6    ######.
 Controlled Blink         Tloc           N/A          100%        8    #######
 Disjunction              Tloc           #.........   100%        8    #######


Dungeon Overview and Level Annotations

Branches:
Dungeon (14/15)            Temple (1/1) D:5            Lair (6/6) D:10
  Swamp (0/4) Lair:3        Snake (0/4) Lair:2        Slime (0/5) Lair:5
    Orc (2/2) D:9             Elf (0/3) Orc:2        Vaults (0/5) D:14
 Bailey (visited)

Altars:
Ashenzari
Cheibriados
Fedhas
Gozag
Hepliaklqana
Kikubaaqudgha
Makhleb
Nemelex Xobeh
Okawaru
Qazlal
Ru
Sif Muna
Trog
Uskayaw
Vehumet
Xom
Zin
Beogh
Jiyva

Shops:
D:8 !   D:12 [   Orc:2 *=([

Annotations:
D:9 3 runed translucent doors, p0werm0de's ghost, novice VSWr
D:14 Agnes
Lair:3 exclusion: 2 oklob plants
Lair:4 1 runed translucent door, Face's ghost, journeyman OpCj
Lair:5 1 runed translucent door


Innate Abilities, Weirdness & Mutations

You are too large for most types of armour.
You have tough skin. (AC +1)
Your life essence is reduced to manifest your ancestor. (-10% HP)
You have sharp fingernails.
You are surrounded by a mild repulsion field. (EV +2)


Message History

Your soldier ant's corpse disappears in a puff of smoke!
Unknown command.
Evoke which item? (* to show all) (? for menu, Esc to quit)
Aiming: Corrosive Bolt
Press: ? - help, Shift-Dir - straight line, f - Agnes
Aim: Agnes, wielding a +4 lajatang of speed and wearing a cursed +0 robe (black smoke, heavily wounded)
The bolt of acid misses Agnes.
The bolt of acid hits the centaur warrior!!
The centaur warrior is splashed with acid.
The acid corrodes the centaur warrior!
The centaur warrior is heavily wounded.
You slice Agnes!!
Agnes is severely wounded.
Agnes barely misses you.
You slash Agnes! Your slash misses Agnes.
Agnes is almost dead.
Agnes hits you with a +4 lajatang of speed.
* * * LOW HITPOINT WARNING * * *
Agnes hits you with a +4 lajatang of speed!!
You die...

..# ##P..P♣.. .<##.# #<.##.##
..F...Y.. ##.##... ..##.####
#.##... ..##%# #...... .###.#
###.... .##..# #....
.....########################.###
○ #.††.∩....§ci@.............#
############################


You could see Agnes and a centaur warrior.

Vanquished Creatures
  Jorgrun (Orc:1)
  Gastronok (Lair:3)
  An orc warlord (Orc:1)
  A dire elephant (Lair:3)
  Snorg (D:12)
  A hydra (Lair:5)
  A catoblepas (Lair:6)
  A centaur warrior (D:13)
  3 two-headed ogres
  3 orc high priests
  Nergalle (Orc:1)
  Sonja (Lair:1)
  2 unseen horrors
  6 orc knights
  A wolf spider (Lair:6)
  6 orc sorcerers
  2 ugly things
  3 manticores
  A moth of wrath (Lair:6)
  9 black mambas
  2 centaur zombies (D:12)
  An ice statue (D:12)
  A guardian serpent (Lair:6)
  A cyclops (D:11)
  2 torpor snails (Lair:6)
  13 elephants (Lair:4)
  2 centaur skeletons
  8 komodo dragons
  A rime drake (Lair:4)
  12 spiny frogs
  8 trolls
  10 tyrant leeches
  3 hornets (Lair:6)
  10 polar bears
  Grinder (D:4)
  10 hippogriffs
  9 blink frogs
  7 dream sheep
  3 slime creatures (D:12)
  A spriggan (Lair:4)
  A redback (Lair:6)
  31 yaks
  2 water elementals (D:12)
  2 fire elementals (D:14)
  A wraith (D:10)
  A steam dragon (D:11)
  9 wyverns
  2 basilisks
  2 hungry ghosts
  4 vampire mosquitoes (D:13)
  10 wargs
  4 swamp worms (Lair:6)
  19 water moccasins
  14 hell hounds
  9 ice beasts
  4 porcupines
  38 orc warriors
  3 sky beasts
  A slave (D:8)
  11 black bears
  An eye of draining (D:11)
  4 phantoms
  13 centaurs
  15 wolves
  11 ogres
  11 crocodiles
  6 big kobolds
  13 bullfrogs
  A gnoll sergeant (D:9)
  A wyvern zombie (D:13)
  A water moccasin skeleton (D:4)
  3 scorpions
  A wyvern skeleton (D:13)
  4 electric eels
  7 wights
  2 howler monkeys
  3 crimson imps
  4 hounds
  2 quasits (D:10)
  4 jellies
  A bullfrog skeleton (D:13)
  13 orc priests
  19 orc wizards
  8 iguanas
  Ijyb (D:5)
  6 hell rats (Lair:5)
  10 worker ants
  A hound zombie (D:7)
  A hound skeleton (D:6)
  Robin (D:2)
  7 gnolls
  17 adders
  4 river rats (Lair:5)
  An ooze (D:3)
  2 adder skeletons
  A dart slug (D:1)
  2 worms (D:2)
  4 leopard geckos
  91 orcs
  3 bats
  6 giant cockroaches
  11 goblins
  4 hobgoblins
  17 jackals
  20 kobolds
  8 quokkas
  A ball python (D:3)
  4 frilled lizards
  A leopard gecko skeleton (D:5)
  12 rats
  2 butterflies (Lair:1)
705 creatures vanquished.

Vanquished Creatures (collateral kills)
  Rupert (Lair:5)
  A hydra (Lair:3)
  Pikel (D:8)
  3 elephants (Lair:4)
  4 black mambas (Lair:6)
  A torpor snail (Lair:6)
  3 spiny frogs
  A rime drake (Lair:3)
  2 komodo dragons
  A troll (D:13)
  A tyrant leech (Lair:5)
  A dream sheep (Lair:6)
  A hippogriff (Lair:1)
  2 blink frogs
  2 wyverns (Lair:6)
  A redback (Lair:6)
  2 water moccasins
  A porcupine (Lair:4)
  4 hell hounds (Lair:6)
  2 orc warriors
  An ice beast (Orc:2)
  A sky beast (D:10)
  A phantom (D:9)
  3 black bears
  A slave (D:8)
  An eye of draining (D:10)
  A wolf (Lair:6)
  6 centaurs
  A big kobold (D:10)
  A bullfrog (D:10)
  A scorpion (D:7)
  A wight (D:14)
  A howler monkey (D:8)
  A crimson imp (D:10)
  A hound (D:9)
  An orc priest (D:9)
  3 worker ants
  A gnoll (D:9)
  A shadow imp (D:6)
  21 orcs
  A jackal (D:5)
  A ball python (D:6)
  8 kobolds
  A plant (Lair:6)
95 creatures vanquished.

Vanquished Creatures (others)
  A human (D:7)
  A bullfrog (D:14)
  17 hexers
  4 ancestors
  95 fungi
  59 plants
177 creatures vanquished.

Grand Total: 977 creatures vanquished

Notes
Turn   | Place    | Note
-------+----------+-------------------------------------------
     0 | D:1      | Chainwhirler the Ogre Transmuter began the quest for the
                  | Orb.
     0 | D:1      | Reached XP level 1. HP: 19/19 MP: 3/3
   197 | D:1      | Reached XP level 2. HP: 27/28 MP: 3/5
   201 | D:1      | Learned a level 2 spell: Sticks to Snakes
   942 | D:2      | Reached skill level 2 in Fighting
  1044 | D:2      | Reached XP level 3. HP: 36/36 MP: 5/7
  1214 | D:2      | Learned a level 3 spell: Spider Form
  1323 | D:1      | Reached XP level 4. HP: 30/44 MP: 4/8
  1625 | D:2      | Reached skill level 3 in Fighting
  1629 | D:2      | Reached XP level 5. HP: 45/53 MP: 6/9
  1652 | D:2      | Found a shimmering altar of Xom.
  1731 | D:2      | Noticed Robin
  1741 | D:2      | Killed Robin
  2265 | D:2      | HP: 2/53 [orc wizard/+0 dagger (4)]
  2268 | D:2      | Gained mutation: You have sharp fingernails. [potion of
                  | mutation]
  2268 | D:2      | Gained mutation: You are surrounded by a mild repulsion
                  | field. (EV +2) [potion of mutation]
  2565 | D:3      | Reached XP level 6. HP: 50/62 MP: 7/10
  2695 | D:3      | Reached skill level 4 in Fighting
  3499 | D:4      | Noticed a phantom
  3764 | D:4      | Noticed Grinder
  3771 | D:4      | Paralysed by Grinder for 6 turns
  3779 | D:4      | Paralysed by Grinder for 3 turns
  3787 | D:4      | Paralysed by Grinder for 3 turns
  3834 | D:4      | Reached XP level 7. HP: 36/71 MP: 7/11
  4214 | D:4      | Learned a level 4 spell: Ice Form
  4366 | D:4      | Reached skill level 5 in Transmutations
  4500 | D:4      | Found a hide-covered altar of Uskayaw.
  4502 | D:4      | Found a blossoming altar of Fedhas.
  4724 | D:4      | Found a stormy altar of Qazlal.
  4726 | D:4      | Found an iron altar of Okawaru.
  4837 | D:4      | Killed Grinder
  4837 | D:4      | Reached skill level 5 in Fighting
  4915 | D:5      | Entered Level 5 of the Dungeon
  4990 | D:5      | Noticed Ijyb
  5164 | D:5      | Killed Ijyb
  5222 | D:5      | Found a staircase to the Ecumenical Temple.
  5229 | Temple   | Entered the Ecumenical Temple
  5263 | Temple   | Became a worshipper of Hepliaklqana the Forgotten
  5382 | D:3      | Reached XP level 8. HP: 59/74 MP: 10/12
  5750 | D:5      | Reached skill level 1 in Invocations
  5970 | D:5      | Reached skill level 6 in Fighting
  5970 | D:5      | Reached skill level 5 in Unarmed Combat
  6359 | D:6      | Reached skill level 1 in Ice Magic
  6734 | D:6      | Found a shattered altar of Ashenzari.
  6806 | D:6      | Reached XP level 9. HP: 80/82 MP: 6/13
  6816 | D:6      | Learned a level 3 spell: Regeneration
  7031 | D:7      | Reached skill level 7 in Fighting
  7429 | D:7      | Found an ancient bone altar of Kikubaaqudgha.
  7450 | D:7      | Found the +8 glaive of the Guard {elec, +Rage AC+5 SInv}
  7633 | D:7      | Reached * piety under Hepliaklqana
  8232 | D:8      | Reached skill level 8 in Fighting
  8440 | D:8      | Noticed Pikel
  8458 | D:8      | Killed Pikel
  8458 | D:8      | Reached skill level 5 in Invocations
  8458 | D:8      | Reached XP level 10. HP: 72/95 MP: 14/16
  8756 | D:8      | Found Olutsy's Distillery.
  8759 | D:8      | Bought a potion of haste for 130 gold pieces
  8759 | D:8      | Bought a potion of haste for 130 gold pieces
  8759 | D:8      | Bought a potion of heal wounds for 65 gold pieces
  8759 | D:8      | Bought a potion of heal wounds for 65 gold pieces
  8759 | D:8      | Bought a potion of might for 52 gold pieces
  9244 | D:8      | Learned a level 5 spell: Blade Hands
  9313 | D:9      | Noticed a two-headed ogre
  9313 | D:9      | Noticed a wolf spider
  9319 | D:9      | Found a runed translucent gate.
  9319 | D:9      | Found a runed translucent gate.
  9319 | D:9      | Found a runed translucent gate.
  9610 | D:9      | Noticed p0werm0de's ghost (novice VSWr)
  9761 | D:9      | Reached skill level 5 in Spellcasting
  9998 | D:9      | Reached skill level 9 in Fighting
 10321 | D:9      | Noticed a two-headed ogre
 10333 | D:9      | Killed a two-headed ogre
 10333 | D:9      | Reached skill level 1 in Evocations
 10669 | D:9      | Found a staircase to the Orcish Mines.
 10709 | D:9      | Reached ** piety under Hepliaklqana
 10723 | D:9      | Killed an unseen horror
 10938 | D:10     | Entered Level 10 of the Dungeon
 11407 | D:10     | Reached XP level 11. HP: 105/105 MP: 9/20
 11676 | D:10     | Reached skill level 10 in Transmutations
 11754 | D:10     | Found a staircase to the Lair.
 11828 | D:10     | Reached skill level 10 in Fighting
 11855 | D:10     | Remembered your ancestor Sagil-Zimu as a hexer
 12025 | D:11     | Noticed a two-headed ogre
 12048 | Lair:1   | Entered Level 1 of the Lair of Beasts
 12284 | Lair:1   | Noticed Sonja
 12466 | Lair:1   | Killed Sonja
 12908 | Lair:1   | Reached *** piety under Hepliaklqana
 14292 | Lair:2   | Reached skill level 11 in Fighting
 14322 | Lair:2   | Found a staircase to the Snake Pit.
 14945 | Lair:3   | Reached **** piety under Hepliaklqana
 14986 | Lair:3   | Noticed an oklob plant
 14987 | Lair:3   | Noticed an oklob plant
 15008 | Lair:3   | Noticed an eight-headed hydra
 15132 | Lair:3   | Killed a 13-headed hydra
 15150 | Lair:3   | Reached XP level 12. HP: 117/117 MP: 21/24
 15310 | Lair:3   | Noticed Gastronok
 15339 | Lair:3   | Killed Gastronok
 15339 | Lair:3   | Reached skill level 1 in Necromancy
 15339 | Lair:3   | Reached skill level 5 in Evocations
 15562 | Lair:3   | Found a staircase to the Swamp.
 15643 | Lair:3   | Reached skill level 12 in Fighting
 16309 | Lair:4   | Found a runed translucent door.
 16309 | Lair:4   | Found a shimmering altar of Xom.
 16309 | Lair:4   | Noticed Face's ghost (journeyman OpCj)
 16913 | Lair:4   | Identified the +11 flail "Sautraju" {venom, +Fly rN+ Dex-3}
 17529 | Lair:4   | Reached skill level 13 in Fighting
 17563 | Lair:4   | Reached XP level 13. HP: 122/129 MP: 25/25
 17573 | Lair:4   | Noticed a dire elephant
 17952 | Lair:3   | Killed a dire elephant
 18348 | Lair:4   | Reached skill level 5 in Necromancy
 18680 | Lair:5   | Got a dull robe
 18744 | Lair:5   | Identified the +0 robe "Taong" {Slay+5} (You found it on
                  | level 5 of the Lair of Beasts)
 19106 | Lair:5   | Reached ***** piety under Hepliaklqana
 19146 | Lair:5   | Reached skill level 1 in Charms
 19451 | Lair:5   | Reached skill level 5 in Dodging
 19541 | Lair:5   | Found a runed translucent door.
 19542 | Lair:5   | Found a viscous altar of Jiyva.
 19543 | Lair:5   | Noticed an azure jelly
 19543 | Lair:5   | Noticed an azure jelly
 19544 | Lair:5   | Found a staircase to the Slime Pits.
 19544 | Lair:5   | Noticed an azure jelly
 19544 | Lair:5   | Noticed an azure jelly
 19838 | Lair:6   | Entered Level 6 of the Lair of Beasts
 20293 | Lair:6   | Noticed Rupert
 20708 | Lair:5   | Killed Rupert
 20708 | Lair:5   | Reached skill level 14 in Fighting
 21669 | Lair:5   | Found a viscous altar of Jiyva.
 21670 | Lair:5   | Found a runed translucent door.
 21671 | Lair:5   | Found a staircase to the Slime Pits.
 22872 | Lair:6   | Reached XP level 14. HP: 70/141 MP: 22/26
 23571 | Lair:6   | Reached skill level 10 in Unarmed Combat
 24024 | Lair:6   | Reached skill level 5 in Charms
 24027 | Lair:6   | Reached skill level 15 in Fighting
 24678 | Lair:6   | Learned a level 4 spell: Petrify
 24790 | Lair:6   | Reached skill level 1 in Earth Magic
 27502 | Orc:1    | Entered Level 1 of the Orcish Mines
 27502 | Orc:1    | Noticed Jorgrun
 27519 | Orc:1    | Killed Jorgrun
 27538 | Orc:1    | Noticed Nergalle
 27547 | Orc:1    | Killed Nergalle
 27601 | Orc:1    | Found a roughly hewn altar of Beogh.
 27730 | Orc:1    | Found a flagged portal.
 27781 | Bailey   | Entered a bailey
 28845 | Bailey   | Reached XP level 15. HP: 128/150 MP: 24/27
 28875 | Bailey   | Identified a scroll of acquirement
 28877 | Bailey   | Identified the Guide on Toxins (You acquired it in a
                  | bailey)
 29346 | Orc:2    | Entered Level 2 of the Orcish Mines
 29346 | Orc:2    | Found Ijonoiqa's Jewellery Shop.
 29785 | Orc:2    | Found Zuevonil's Antique Weapon Shop.
 30008 | Orc:2    | Noticed an orc warlord
 30831 | Orc:2    | Reached skill level 5 in Earth Magic
 30832 | Orc:2    | Found a staircase to the Elven Halls.
 30843 | Orc:2    | Found Foemukh's Antique Armour Shoppe.
 31534 | Orc:1    | Killed an orc warlord
 31694 | Orc:2    | Paralysed by an orc sorcerer for 3 turns
 32203 | Orc:2    | Bought an uncursed ring of see invisible for 210 gold
                  | pieces
 32637 | Orc:2    | Found Qyem's General Store.
 32933 | D:11     | Found a stormy altar of Qazlal.
 33710 | D:11     | Reached skill level 16 in Fighting
 34429 | D:12     | Found Wutzu's Armour Shoppe.
 35464 | D:12     | Noticed Snorg
 35474 | D:12     | Killed Snorg
 35804 | D:12     | Reached skill level 10 in Invocations
 36202 | D:13     | Found a stormy altar of Qazlal.
 36416 | D:13     | Learned a level 5 spell: Lee's Rapid Deconstruction
 36450 | D:13     | Reached ****** piety under Hepliaklqana
 37194 | D:14     | Found a gate to the Vaults.
 37218 | D:14     | Noticed Agnes
 37251 | D:14     | HP: 1/153 [Agnes/+4 lajatang of speed (30)]
 37260 | D:14     | Mangled by Agnes

Levels and vault maps discovered:
D:1:      ncdulo_halloftheorcs, layout_basic, serial_forest,
          infiniplex_forest_clump_C, infiniplex_forest_lined_2,
          infiniplex_forest_lined_4_way, infiniplex_forest_clump_tiny,
          infiniplex_forest_lined_room_, infiniplex_forest_straight_3,
          infiniplex_forest_clump_small, chequers_jeans
D:2:      layout_rooms, tgw_xom, uniq_robin
D:3:      layout_rooms, portal_sewer_entry_e, first_ration
D:4:      layout_basic, nicolae_overflow_hidden_temple,
          grunt_temple_overflow_open, uniq_grinder
D:5:      layout_basic, minmay_temple_entry_gardened_gates,
          kennysheep_generic_room_13, uniq_ijyb
D:6:      layout_rooms, basic_altar
D:7:      layout_rooms, tgw_kikubaaqudgha
D:8:      layout_cave_pools, serial_shops, kennysheep_mini_moat,
          blue_anna_alchemist [blue_anna_fruit_fields, blue_anna_fruit_fields],
          kennysheep_potato, uniq_pikel
D:9:      layout_rooms, david_orc_4, gammafunk_ghost_split
D:10:     layout_rooms, lair_entry_dummy
D:11:     layout_grid_maze, basic_altar
D:12:     layout_basic, serial_shops, shop, serial_rivers,
          chequers_serial_rivers_small_a, chequers_serial_rivers_micro_e,
          chequers_serial_rivers_micro_c, chequers_serial_rivers_room_b,
          chequers_serial_rivers_micro_a, grunt_ministairs_14, drop_trap,
          minivault_16, uniq_snorg
D:13:     layout_rooms, grunt_qazlal_clouds
D:14:     minmay_the_grid_3x2 [minmay_the_grid_zigzag_pyramid,
          minmay_the_grid_tiny_cups, minmay_the_grid_small_cups,
          minmay_the_grid_empty, minmay_the_grid_rooms,
          minmay_the_grid_prize_diamond_cup], layout_rooms, serial_bayou_pond_a,
          uniq_agnes, uniq_azrael
Temple:   compressed_dpeg_circular_temple
Lair:1:   layout_hall_layers, lemuel_fruit_fields, grunt_megastairs_1,
          uniq_sonja
Lair:2:   layout_cave_pods, dummy_snake_entry, beast_lair_carwin_2
Lair:3:   layout_cave_pods, minmay_swamp_entry_reptiles,
          infiniplex_staircase_pool, lemuel_fruit_tree,
          minmay_lair_oklob_chamber, uniq_gastronok
Lair:4:   mu_elephants_graveyard, layout_big_grid, ebering_ghost_xom
Lair:5:   layout_regular_city, slime_altar_2, kennysheep_abandoned_house
Lair:6:   hangedman_lair_tendril_chambers, layout_hall_layers,
          hangedman_lair_caniforms_friends, worms_lemuel, uniq_rupert
Orc:1:    layout_caves, basic_altar, enter_bailey_6, uniq_nergalle, uniq_jorgrun
Orc:2:    grunt_orc_gardens, layout_diamond_mine, grunt_orc_garden,
          grunt_orc_garden, grunt_orc_garden, grunt_orc_garden,
          portal_ice_cave_entry_ice_beasts

Skill      XL: |  1  2  3  4  5  6  7  8  9 10 11 12 13 14 15 |
---------------+----------------------------------------------+-----
Transmutations | 2 3 4 5 7 8 9 10 11 12 | 12.0
Fighting       | 2 3 4 5 6 8 9 11 13 14 15 16 | 16.4
Unarmed Combat | 3 4 5 6 8 9 10 | 10.0
Spellcasting   | 3 4 6 8 |  8.1
Invocations    | 3 5 7 10 | 10.0
Ice Magic      | 2 4 |  4.0
Evocations     | 2 4 5 |  5.0
Necromancy     | 4 5 |  5.0
Dodging        | 3 5 |  5.0
Charms         | 4 5 |  5.0
Earth Magic    | 4 7 |  7.6

Action                   |  1- 3 |  4- 6 |  7- 9 | 10-12 | 13-15 || total
-------------------------+-------+-------+-------+-------+-------++-------
Melee: Unarmed           |    96 |   184 |   353 |   488 |   986 ||  2107
       Headbutt          |     7 |       |       |       |       ||     7
       Kick              |     4 |       |       |       |       ||     4
       Punch             |     1 |     1 |     4 |     7 |    35 ||    48
 Cast: Beastly Appendage |     9 |       |     3 |       |       ||    12
       Spider Form       |     1 |    23 |    33 |    18 |     1 ||    76
       Ice Form          |       |       |       |    15 |    15 ||    30
       Blade Hands       |       |       |       |    28 |   115 ||   143
       Regeneration      |       |       |       |     1 |     6 ||     7
       Sticks to Snakes  |       |       |       |       |     7 ||     7
       Petrify           |       |       |       |       |     1 ||     1
Invok: Recall Ancestor   |       |       |     1 |     3 |    10 ||    14
       Ancestor Life: He |       |       |       |     1 |       ||     1
 Abil: End Transformatio |       |       |       |     1 |     3 ||     4
Evoke: Wand              |       |       |     2 |     3 |     6 ||    11
       Phial of floods   |       |       |       |       |     3 ||     3
       Sack of spiders   |       |       |       |       |     1 ||     1
  Use: Potion            |     4 |     3 |     1 |     1 |     9 ||    18
       Scroll            |       |     8 |     7 |     7 |     9 ||    31
 Stab: Sleeping          |     1 |     1 |     1 |       |       ||     3
       Invisible         |     1 |       |       |       |       ||     1
       Paralysed         |       |       |     4 |    12 |    22 ||    38
       Distracted        |       |       |     2 |     6 |     7 ||    15
       Confused          |       |       |       |     4 |     5 ||     9
       Petrified         |       |       |       |       |     2 ||     2
  Eat: Chunk             |     1 |     8 |    19 |    27 |    67 ||   122
       Ration            |       |     1 |       |     4 |     8 ||    13
Armor: Robe              |    31 |    42 |    23 |    48 |   147 ||   291
       Skin              |     2 |     6 |     7 |    25 |    29 ||    69
Dodge: Dodged            |    67 |   210 |   269 |   344 |   761 ||  1651
